 Dungeon Sprint DCSS version 0.29-a0-613-gf2c431b9b9 (webtiles) character file.

Game seed: 8846651303151999518

9419 mhtbhm the Worldbinder (level 11, -4/60 HPs)
             Began as a Tengu Summoner on June 16, 2022.
             Was an Initiate of Gozag.
             Killed from afar by a steam dragon (7 damage)
             ... with a ball of steam
             ... in the Dungeon (Sprint VII: "The Pits").
             The game lasted 00:10:37 (2949 turns).

mhtbhm the Worldbinder (Tengu Summoner)             Turns: 2949, Time: 00:10:39

Health: -4/60      AC:  2    Str:  8    XL:     11   Next: 46%
Magic:  24/32      EV: 16    Int: 20    God:    Gozag
Gold:   3015       SH:  0    Dex: 15    Spells: 21/42 levels left

rFire   + . .      SeeInvis .   q - +2 halberd "Duph" {speed, rF+ Will+}
rCold   . . .      Faith    .   (shield currently unavailable)
rNeg    . . .      Spirit   .   a - +0 robe
rPois   .          Reflect  .   (helmet restricted)
rElec   .          Harm     .   (no cloak)
rCorr   .          Rampage  .   (no gloves)
Will    +....      NoTele   +   (boots unavailable)
Stlth   ++........              (no amulet)
HPRegen 0.20/turn               (no ring)
MPRegen 0.23/turn               (no ring)

@: flying quickly and evasively, quick
A: beak, talons 3, nimble flight
a: Renounce Religion, Potion Petition, Call Merchant, Bribe Branch


You were in the Dungeon.
You worshipped Gozag.
Gozag was most pleased with you.
You visited 1 branch You collected 4032 gold pieces.
You spent 364 gold pieces at shops.
You paid 653 gold pieces to Gozag.

Inventory:

Hand Weapons
 q - the +2 halberd "Duph" (weapon) {speed, rF+ Will+}
   (You found it in the Dungeon)

   Attacks with this weapon are significantly faster.
   rF:        It protects you from fire.
   Will:      It increases your willpower.
Armour
 a - a +0 robe (worn)
Jewellery
 l - a +3 ring of protection
 m - a +3 ring of strength
Scrolls
 i - 5 scrolls of amnesia
Potions
 b - 4 potions of magic
 c - 6 potions of curing
 d - 4 potions of heal wounds
 e - 2 potions of haste
 f - 5 potions of berserk rage
 h - 2 potions of invisibility
 k - a potion of ambrosia {unknown}
 n - a potion of resistance
 o - a potion of brilliance
 p - 2 potions of mutation


   Skills:
 + Level 3.0 Fighting
 + Level 4.8 Polearms
 + Level 4.5 Dodging
 - Level 3.1 Stealth
 + Level 3.8 Unarmed Combat
 + Level 16.3 Spellcasting
 + Level 3.8 Hexes
 + Level 21.2 Summonings
 + Level 9.7 Air Magic


You had 21 spell levels left.
You knew the following spells:

 Your Spells              Type           Power      Damage    Failure   Level
a - Summon Small Mammal   Summ           100%       N/A       0%          1
b - Call Imp              Summ           79%        N/A       0%          2
c - Call Canine Familiar  Summ           79%        N/A       0%          3
d - Summon Guardian Gole  Hex/Summ       60%        N/A       1%          3
e - Summon Lightning Spi  Summ/Air       67%        N/A       1%          4
f - Summon Horrible Thin  Summ           39%        N/A       4%          8

Your spell library contained the following spells:

 Spells                   Type           Power      Damage    Failure   Level
 Iskenderun's Mystic Bla  Conj/Tloc      16%        2d5       36%         4


Dungeon Overview and Level Annotations

Branches:
Dungeon (1/1)

Altars:
Ashenzari
Cheibriados
Dithmenos
Elyvilon
Fedhas
Gozag
Hepliaklqana
Kikubaaqudgha
Makhleb
Nemelex Xobeh
Okawaru
Qazlal
Ru
Sif Muna
Trog
Uskayaw
Vehumet
Wu Jian
Xom
Yredelemnul
Zin
The Shining One
Beogh
Jiyva
Lugonu

Shops:
D :


Innate Abilities, Weirdness & Mutations

You have a beak for a mouth.
You have claws for feet.
Your magical nature lets you fly swiftly and evasively.


Message History

The steam dragon hisses angrily.
Your guardian golem overheats!
Unknown command.
What are your orders? t - Shout!
Orders for allies: a - Attack new target. r - Retreat! s - Stop attacking. g - Guard the area. f - Follow me.
Anything else - Cancel.
Gang up on whom?
Press: ? - help, Dir - move target, f - bog body
Aim: a bog body (ally target) Attack!
The bog body casts a spell at you.
The bolt of cold hits your tentacled monstrosity!
Your tentacled monstrosity resists.
The bolt of cold hits you!!
The bolt of cold hits your large abomination!!
Your guardian golem disappears in a puff of smoke!
Your guardian golem explodes!
The fiery explosion engulfs your large abomination!
The fiery explosion engulfs you!! You resist.
The fiery explosion engulfs your tentacled monstrosity!
Your tentacled monstrosity resists.
Unknown command.
The bog body points at you and mumbles some strange words.
The bolt of cold hits your tentacled monstrosity!
Your tentacled monstrosity resists.
The bolt of cold hits your warg!!
Your warg dies!
Your warg's corpse disappears in a puff of smoke!
The bolt of cold hits you!
* * * LOW HITPOINT WARNING * * *
The steam dragon breathes steam at you.
The ball of steam hits your tentacled monstrosity!
Your tentacled monstrosity resists.
The ball of steam hits your large abomination.
The ball of steam hits you! You resist.
You die...
Your body crumbles into a pile of gold.

.##................##............
)#####'#####''###################
)##.......##''#####
)##.......##......#
[##.......##......#
###...<...###..).## ##
.##.......# ##')## #..+
.##.......###)).§## ...W#
###.......##...)@§#....#
.###########....XX§X.n.+
############......#.§D.#
#....#...[###....## ....#
#....#..[[# ##'$## #..+
'....'...)# #.$.$# ##
#....#..))##......#
#....#..))##......#
###################


You could see a friendly tentacled monstrosity (summoned) and 2 friendly large
abominations.

Vanquished Creatures (collateral kills)
  An orc high priest (D)
  3 skeletal warriors (D)
  Pikel (D)
  A phantasmal warrior (D)
  An ugly thing (D)
  An eye of devastation (D)
  A cane toad (D)
  An elephant (D)
  A smoke demon (D)
  An ice devil (D)
  A red devil (D)
  A jumping spider (D)
  A flying skull (D)
  A fire bat (D)
  4 yaks (D)
  Menkaure (D)
  A floating eye (D)
  2 orc warriors (D)
  An ogre (D)
  A necrophage (D)
  Dowan (D)
  A small abomination (D)
  A jelly (D)
  2 orc priests (D)
  An orc wizard (D)
  An adder (D)
  A white imp (D)
  An ufetubus (D)
  10 orcs (D)
  An endoplasm (D)
  A hobgoblin (D)
  8 jackals (D)
  A ball python skeleton (D)
  A bat (D)
  A kobold (D)
58 creatures vanquished.

Vanquished Creatures (others)
  A hydra (D)
  A skeletal warrior (D)
  An orc knight (D)
  2 freezing wraiths (D)
  A water moccasin (D)
  Duvessa (D)
  An orc warrior (D)
  An orc wizard (D)
9 creatures vanquished.

Grand Total: 67 creatures vanquished

Notes
Turn   | Place    | Note
-------+----------+-------------------------------------------
     0 | D        | mhtbhm the Tengu Summoner began the quest for the Orb.
     0 | D        | Reached XP level 1. HP: 10/10 MP: 4/4
    19 | D        | Reached skill level 6 in Summonings
    26 | D        | Found a bloodstained altar of Trog.
    26 | D        | Found a shimmering blue altar of Sif Muna.
    26 | D        | Found a viscous altar of Jiyva.
    26 | D        | Found a hazy altar of Hepliaklqana.
    26 | D        | Found an opulent altar of Gozag.
    27 | D        | Found a glowing golden altar of the Shining One.
    27 | D        | Found a glowing silver altar of Zin.
    27 | D        | Found a basalt altar of Yredelemnul.
    27 | D        | Found a shimmering altar of Xom.
    27 | D        | Found an ornate altar of the Wu Jian Council.
    27 | D        | Found a sacrificial altar of Ru.
    27 | D        | Found a stormy altar of Qazlal.
    27 | D        | Found an iron altar of Okawaru.
    27 | D        | Found a sparkling altar of Nemelex Xobeh.
    27 | D        | Found a burning altar of Makhleb.
    27 | D        | Found a blossoming altar of Fedhas.
    27 | D        | Found a white marble altar of Elyvilon.
    27 | D        | Found a shadowy altar of Dithmenos.
    27 | D        | Found a snail-covered altar of Cheibriados.
    29 | D        | Found a radiant altar of Vehumet.
    29 | D        | Found a corrupted altar of Lugonu.
    30 | D        | Found a hide-covered altar of Uskayaw.
    30 | D        | Found an ancient bone altar of Kikubaaqudgha.
    30 | D        | Found a broken altar of Ashenzari.
    34 | D        | Became a worshipper of Gozag Ym Sagoz the Greedy
    75 | D        | Reached XP level 2. HP: 15/15 MP: 3/6
   213 | D        | Learned a level 2 spell: Call Imp
   256 | D        | Reached skill level 7 in Summonings
   296 | D        | Noticed a floating eye
   303 | D        | Killed a floating eye
   304 | D        | Reached skill level 10 in Summonings
   304 | D        | Reached XP level 3. HP: 19/19 MP: 3/10
   304 | D        | Reached XP level 4. HP: 24/24 MP: 3/11
   304 | D        | Gained mutation: Your magical nature lets you fly swiftly
                  | and evasively. [Tengu growth]
   304 | D        | Reached XP level 5. HP: 28/28 MP: 3/12
   308 | D        | Learned a level 3 spell: Call Canine Familiar
   407 | D        | Noticed an ogre
   516 | D        | Learned a level 3 spell: Summon Guardian Golem
   521 | D        | Learned a level 4 spell: Summon Lightning Spire
   661 | D        | Killed an ogre
   662 | D        | Reached skill level 5 in Spellcasting
   662 | D        | Reached skill level 11 in Summonings
   662 | D        | Reached skill level 1 in Air Magic
   856 | D        | Noticed Pikel
   856 | D        | Noticed a lemure
   856 | D        | Noticed Dowan
   856 | D        | Noticed Menkaure
   861 | D        | Noticed Duvessa
   865 | D        | Noticed a lemure
   870 | D        | Noticed a lemure
   874 | D        | Killed Duvessa
   875 | D        | Reached skill level 12 in Summonings
   875 | D        | Reached XP level 6. HP: 32/32 MP: 4/16
   913 | D        | Killed Pikel
   914 | D        | Reached skill level 1 in Fighting
   914 | D        | Reached skill level 1 in Unarmed Combat
   914 | D        | Reached skill level 14 in Summonings
   914 | D        | Reached XP level 7. HP: 29/38 MP: 2/21
   928 | D        | Killed Menkaure
   929 | D        | Reached skill level 15 in Summonings
   929 | D        | Reached XP level 8. HP: 11/43 MP: 19/22
   981 | D        | HP: 2/43 [fire bat (7)]
   987 | D        | Reached skill level 10 in Spellcasting
   987 | D        | Reached skill level 5 in Air Magic
  1017 | D        | Killed Dowan
  1638 | D        | Noticed a flying skull
  1638 | D        | Noticed a four-headed hydra
  1638 | D        | Noticed a phantasmal warrior
  1641 | D        | Killed a flying skull
  1642 | D        | Reached skill level 1 in Hexes
  1653 | D        | Killed a four-headed hydra
  1654 | D        | Reached skill level 16 in Summonings
  1654 | D        | Reached XP level 9. HP: 39/48 MP: 4/25
  1654 | D        | Killed a phantasmal warrior
  1655 | D        | Reached skill level 17 in Summonings
  1938 | D        | Got the +2 halberd "Duph" {speed, rF+ Will+}
  2013 | D        | Noticed a smoke demon
  2024 | D        | Killed a smoke demon
  2169 | D        | Noticed a cane toad
  2178 | D        | Killed a cane toad
  2233 | D        | Noticed an ice devil
  2233 | D        | Noticed an elephant
  2241 | D        | Killed an elephant
  2242 | D        | Reached skill level 1 in Polearms
  2242 | D        | Reached skill level 18 in Summonings
  2242 | D        | Reached XP level 10. HP: 51/53 MP: 14/28
  2327 | D        | Noticed a red ugly thing
  2333 | D        | Killed a red ugly thing
  2349 | D        | Noticed a skeletal warrior
  2350 | D        | Noticed a skeletal warrior
  2350 | D        | Noticed a skeletal warrior
  2365 | D        | Noticed an orc knight
  2368 | D        | Killed a skeletal warrior
  2368 | D        | Killed a skeletal warrior
  2369 | D        | Reached skill level 19 in Summonings
  2371 | D        | Killed a skeletal warrior
  2373 | D        | Noticed a skeletal warrior
  2384 | D        | Killed an orc knight
  2385 | D        | Reached skill level 15 in Spellcasting
  2386 | D        | Killed a skeletal warrior
  2387 | D        | Reached skill level 20 in Summonings
  2387 | D        | Reached XP level 11. HP: 59/59 MP: 5/31
  2529 | D        | Bought the Tome of Displaced Summoning for 364 gold pieces
  2798 | D        | Learned a level 8 spell: Summon Horrible Things
  2841 | D        | Noticed an orc high priest
  2847 | D        | Killed an orc high priest
  2853 | D        | Reached skill level 21 in Summonings
  2947 | D        | Noticed a bog body
  2949 | D        | HP: 3/60 [bog body/bolt of cold (16)]
  2949 | D        | Killed from afar by a steam dragon

Illustrated notes

Levels and vault maps discovered:
D:        pitsprint [storerooms_1, entrance_room_1, metal_vault_2, armoury_3,
          mini_pit_1, grid_room_1, main_hall_1, silver_pit, the_coven_1,
          the_vestibule_1, steel_vault_1, golden_pit, hallway_of_sentries,
          crystal_vault_1, iron_vault_1, final_vault]

Skill      XL: |  1  2  3  4  5  6  7  8  9 10 11 |
---------------+----------------------------------+-----
Summonings     | 6 10 12 14 15 16 18 20 21 | 21.2
Dodging        | 3 4 |  4.5
Spellcasting   | 4 6 9 11 13 15 16 | 16.3
Stealth        | 3 |  3.1
Air Magic      | 2 4 7 8 9 |  9.7
Fighting       | 1 2 3 |  3.0
Unarmed Combat | 1 2 3 |  3.8
Hexes          | 1 2 3 |  3.8
Polearms       | 1 4 |  4.8

Action                   |  1- 3 |  4- 6 |  7- 9 | 10-12 || total
-------------------------+-------+-------+-------+-------++-------
Melee: Unarmed           |     4 |     6 |       |       ||    10
       Kick              |       |     1 |     3 |     1 ||     5
       Halberd           |       |       |     5 |     4 ||     9
       Peck              |       |       |       |     1 ||     1
 Cast: Summon Small Mamm |    11 |     2 |     4 |     2 ||    19
       Call Imp          |     3 |     2 |     4 |     3 ||    12
       Call Canine Famil |       |     4 |     6 |     4 ||    14
       Summon Lightning  |       |     3 |    11 |     6 ||    20
       Summon Guardian G |       |     1 |     8 |     8 ||    17
       Summon Horrible T |       |       |       |     2 ||     2
Invok: Call Merchant     |       |       |       |     1 ||     1
  Use: Potion            |       |     1 |     2 |     1 ||     4
       Scroll            |       |       |       |     2 ||     2
Armor: Robe              |     2 |       |       |     1 ||     3
Dodge: Dodged            |     8 |     2 |    10 |     5 ||    25

Table legend: (Time is in decaauts)
 A = Elapsed time spent in this place.
 B = Non-inter-level travel time spent in this place.
 C = Inter-level travel time spent in this place.
 D = Time resting spent in this place.
 E = Time spent auto-exploring this place.
 F = Levels seen in this place.
 G = Mean time per level.
                   A        B        C        D        E       F      G
               +--------+--------+--------+--------+--------+-----+--------+
         Total |   2901 |   2901 |      0 |   1888 |      0 |   1 | 2901.0 |
       Dungeon |   2901 |   2901 |      0 |   1888 |      0 |   1 | 2901.0 |
               +--------+--------+--------+--------+--------+-----+--------+

Top non-repeatable levels by time:
       D: 2901 daAuts
